 Dungeon Crawl Stone Soup version 0.26-a0-146-g24f6d3962c (webtiles) character file.

Game seed: 5588166181940491300

29474 Gargoyl the Cleaver (level 13, -7/107 HPs)
             Began as a Centaur Abyssal Knight on June 29, 2020.
             Was the Champion of Lugonu.
             Mangled by an eight-headed hydra (13 damage)
             ... on level 4 of the Lair of Beasts.
             The game lasted 00:28:05 (18910 turns).

Gargoyl the Cleaver (Centaur Abyssal Knight)       Turns: 18910, Time: 00:28:06

Health: -7/107     AC: 17    Str: 18    XL:     13   Next: 15%
Magic:  16/20      EV:  9    Int: 11    God:    Lugonu [******]
Gold:   745        SH:  8    Dex: 11    Spells: 12/12 levels left

rFire    + . .     SeeInvis .   A - +4 war axe (freeze)
rCold    + . .     Faith    .   H - +0 kite shield
rNeg     + . .     Spirit   .   y - +2 ring mail {rC+}
rPois    .         Reflect  .   t - +2 helmet
rElec    .         Harm     .   G - +0 cloak
rCorr    .                      u - +2 pair of gloves
MR       +....                  (no barding)
Stlth    ..........             h - amulet of regeneration
HPRegen  0.67/turn              i - ring of Tenaic {rF+ MR+}
MPRegen  0.17/turn              w - ring of positive energy

@: very quick
A: large, hooves 3, deformed body, speed 2, tough skin 3
a: Depart the Abyss, Bend Space, Banish, Corrupt, Enter the Abyss, Brand Weapon
With Distortion, Renounce Religion


You were on level 4 of the Lair of Beasts.
You worshipped Lugonu.
Lugonu was exalted by your worship.
You were not hungry.

You visited 2 branches of the dungeon, and saw 17 of its levels.
You visited the Abyss 1 time.

You collected 781 gold pieces.
You spent 36 gold pieces at shops.

Inventory:

Hand Weapons
 e - a +2 war axe
 l - a +1 hand axe of flaming
 A - a +4 war axe of freezing (weapon)
Missiles
 v - 5 javelins (quivered)
Armour
 t - a +2 helmet (worn)
 u - a +2 pair of gloves (worn)
 y - a +2 ring mail of cold resistance (worn)
 G - a +0 cloak (worn)
 H - a +0 kite shield (worn)
Jewellery
 a - an uncursed ring of positive energy
 h - an amulet of regeneration (around neck)
 i - the ring of Tenaic (left hand) {rF+ MR+}
   (You found it on level 9 of the Dungeon)

   [ring of protection from fire]

   It protects you from fire.
   It affects your resistance to hostile enchantments.
 w - a ring of positive energy (right hand)
 C - an uncursed ring of protection from cold
Wands
 g - a wand of disintegration (16)
 k - a wand of acid (15)
 B - a wand of random effects (41)
 K - a wand of iceblast (19)
 M - a wand of polymorph (7)
Scrolls
 j - 5 scrolls of remove curse
 r - 3 scrolls of identify
 s - 8 scrolls of teleportation
 E - 3 scrolls of enchant armour
 I - a scroll of magic mapping
 L - 2 scrolls of blinking
Potions
 b - 2 potions of heal wounds
 f - 2 potions of might
 m - 2 potions of magic
 n - 3 potions of brilliance
 o - 2 potions of mutation {unknown}
 p - 8 potions of curing
 q - 2 potions of flight
 x - a potion of ambrosia {unknown}
 z - 2 potions of lignification
 D - a potion of resistance
 F - 3 potions of stabbing {unknown}
 J - a potion of haste {unknown}
 N - a potion of cancellation {unknown}
Comestibles
 c - 39 rations
 d - 3 chunks of flesh


   Skills:
 + Level 8.2 Fighting
 + Level 11.4 Axes
 + Level 3.1 Throwing
 * Level 8.4 Armour
 + Level 6.9 Dodging
 * Level 2.9 Shields
 * Level 10.1 Invocations
 + Level 1.0 Evocations


You had 12 spell levels left.
You didn't know any spells.
Your spell library contained the following spells:

 Spells                   Type           Power        Failure   Level  Hunger
 Animate Skeleton         Necr           N/A          91%         1    ##.....
 Apportation              Tloc           #.....       91%         1    ##.....
 Corona                   Hex            #......      91%         1    ##.....
 Summon Small Mammal      Summ           #...         91%         1    ##.....
 Ice Form                 Ice/Tmut       #.......     100%        4    #####..
 Metabolic Englaciation   Hex/Ice        #.........   100%        5    ######.
 Freezing Cloud           Conj/Ice/Air   #.........   100%        6    #######
 Ozocubu's Refrigeration  Ice            #.........   100%        6    #######
 Simulacrum               Ice/Necr       #.........   100%        6    #######


Dungeon Overview and Level Annotations

Branches:
Dungeon (11/15)            Temple (0/1) D:4            Lair (6/6) D:11
 Shoals (0/4) Lair:4       Spider (0/4) Lair:3        Slime (0/5) Lair:6
    Orc (0/2) D:9

Altars:
Dithmenos
Fedhas
Hepliaklqana
Kikubaaqudgha
Sif Muna
Uskayaw
Vehumet
Xom
Yredelemnul
Zin
Beogh

Shops:
D:8 %   D:10 }   D:11 *

Annotations:
Lair:2 exclusion: 2 oklob plants
Lair:3 3 runed translucent doors, lis82's ghost, journeyman DgAE


Innate Abilities, Weirdness & Mutations

You have hooves in place of feet.
Armour fits poorly on your strangely shaped body.
You cover ground very quickly.
You have extremely tough skin. (AC +3)


Message History

The eight-headed hydra bites you.
The eight-headed hydra closely misses you.
The eight-headed hydra bites you but does no damage. x2
A mysterious force pulls you upwards. The hatch slams shut behind you.
Press: ? - help, Shift-Dir - straight line, f - eight-headed hydra
Aim: an eight-headed hydra (chance to defeat MR: 58%)
The eight-headed hydra resists with significant effort.
You feel somewhat more hungry. You block the wyvern's attack.
The spiny frog stings you! The eight-headed hydra bites you!
* * * LOW HITPOINT WARNING * * *
The eight-headed hydra bites you!
* * * LOW HITPOINT WARNING * * *
You block the eight-headed hydra's attack.
The eight-headed hydra closely misses you.
The eight-headed hydra bites you.
* * * LOW HITPOINT WARNING * * *
The eight-headed hydra bites you!
* * * LOW HITPOINT WARNING * * *
The eight-headed hydra bites you!
You die...

## ######## ######## #####
P###..#.#.###......#####.#.##
............................#
............................#
...............F@l..........#
|...............D...........#
............................##
.............................#
..........<..................#
............................##
...)........................#
####..####P##.#...###.......#
#### ###########........#


You could see an eight-headed hydra, a spiny frog and a wyvern.

Vanquished Creatures
  5 hydras
  2 two-headed ogres
  A death yak (Lair:6)
  Nergalle (Lair:4)
  Pikel (D:5)
  4 elephants
  A merfolk siren (Lair:4)
  9 spiny frogs
  2 komodo dragons
  2 rime drakes
  3 blink frogs (Lair:3)
  2 polar bears
  2 dream sheep (D:9)
  8 hippogriffs
  A redback (Lair:3)
  24 yaks
  A steam dragon (D:11)
  A hungry ghost (D:7)
  9 porcupines
  6 water moccasins
  9 orc warriors
  3 ice beasts
  A slave (D:5)
  4 necrophages (Lair:3)
  3 phantoms
  9 ogres
  8 wolves
  3 centaurs
  15 crocodiles
  5 big kobolds
  18 bullfrogs
  A wyvern skeleton (D:6)
  A water moccasin skeleton (D:6)
  4 scorpions
  15 killer bees
  5 wights (D:7)
  An electric eel (Lair:2)
  A howler monkey (D:6)
  2 crimson imps
  7 hounds
  A centaur zombie (D:9)
  3 jellies
  12 orc priests
  8 orc wizards
  Jessica (D:3)
  9 worker ants
  5 iguanas
  Natasha (thrice) (D:2)
  A hound zombie (D:4)
  A hound skeleton (D:8)
  A worker ant zombie (D:6)
  Robin (D:4)
  9 gnolls
  A howler monkey skeleton (D:10)
  17 adders
  3 shadow imps
  An ooze (D:2)
  2 adder skeletons (D:4)
  4 worms
  2 dart slugs
  3 leopard geckos
  48 orcs
  7 giant cockroaches
  19 goblins
  18 hobgoblins
  2 jackals (D:8)
  12 kobolds
  5 quokkas
  2 ball pythons
  5 bats
  6 frilled lizards
  A jackal zombie (D:8)
  A leopard gecko zombie (D:7)
  6 rats
  A fungus (Lair:6)
  3 plants
424 creatures vanquished.

Vanquished Creatures (others)
  A hornet (D:8)
  2 redbacks (Lair:3)
  Sigmund (D:6)
  A yak (Lair:6)
  A crimson imp (D:5)
  11 fungi
  9 plants (Lair:6)
26 creatures vanquished.

Grand Total: 450 creatures vanquished

Notes
Turn   | Place    | Note
-------+----------+-------------------------------------------
     0 | Abyss:1  | Gargoyl the Centaur Abyssal Knight began the quest for the
                  | Orb.
     0 | Abyss:1  | Reached XP level 1. HP: 19/19 MP: 2/2
    92 | Abyss:1  | Noticed an iron imp
   110 | Abyss:1  | Found a hazy altar of Hepliaklqana.
   120 | Abyss:1  | Noticed a small abomination
   123 | Abyss:1  | Noticed a raiju
   125 | D:1      | Escaped the Abyss
   394 | D:1      | You fall into a shaft and drop 1 floor!
   456 | D:2      | Reached XP level 2. HP: 21/26 MP: 3/3
  1021 | D:2      | Reached skill level 2 in Axes
  1078 | D:2      | Reached * piety under Lugonu
  1078 | D:2      | Reached skill level 1 in Dodging
  1085 | D:2      | Reached XP level 3. HP: 28/31 MP: 4/4
  1142 | D:2      | Noticed Natasha
  2174 | D:2      | Killed Natasha
  2174 | D:2      | Reached XP level 4. HP: 17/38 MP: 6/6
  2494 | D:2      | Noticed Natasha
  2505 | D:2      | Killed Natasha
  2505 | D:2      | Reached XP level 5. HP: 30/45 MP: 7/7
  2845 | D:2      | Noticed Natasha
  2853 | D:2      | Killed Natasha
  2985 | D:3      | Reached ** piety under Lugonu
  3280 | D:3      | Found a shadowy altar of Dithmenos.
  3524 | D:3      | Noticed Jessica
  3533 | D:3      | Killed Jessica
  3533 | D:3      | Reached skill level 3 in Axes
  3533 | D:3      | Reached XP level 6. HP: 42/51 MP: 8/8
  4179 | D:4      | Found a blossoming altar of Fedhas.
  4183 | D:4      | Noticed Robin
  4189 | D:4      | Reached *** piety under Lugonu
  4197 | D:4      | Killed Robin
  4295 | D:4      | Found a staircase to the Ecumenical Temple.
  4424 | D:4      | Noticed an orc warrior
  4504 | D:3      | Killed an orc warrior
  4504 | D:3      | Reached XP level 7. HP: 29/58 MP: 8/10
  4732 | D:4      | Reached skill level 4 in Axes
  4893 | D:4      | Reached skill level 1 in Throwing
  5219 | D:4      | Reached XP level 8. HP: 66/66 MP: 11/11
  5393 | D:5      | Entered Level 5 of the Dungeon
  5430 | D:5      | Noticed Pikel
  5456 | D:5      | Killed Pikel
  5456 | D:5      | Reached skill level 5 in Axes
  5456 | D:5      | Reached skill level 5 in Invocations
  6664 | D:6      | Reached XP level 9. HP: 68/72 MP: 13/13
  6670 | D:6      | Found an ancient bone altar of Kikubaaqudgha.
  6701 | D:6      | Reached skill level 6 in Axes
  6704 | D:6      | Reached **** piety under Lugonu
  6840 | D:6      | Reached skill level 5 in Armour
  6880 | D:6      | Noticed Sigmund
  6889 | D:6      | Killed Sigmund
  7152 | D:6      | Found a radiant altar of Vehumet.
  7250 | D:7      | Found a shimmering altar of Xom.
  7269 | D:7      | Reached skill level 5 in Fighting
  7738 | D:7      | Reached skill level 7 in Axes
  8494 | D:8      | Reached XP level 10. HP: 81/81 MP: 14/14
  8681 | D:8      | Found Roleyni's Food Boutique.
  8732 | D:8      | Found a hazy altar of Hepliaklqana.
  8835 | D:8      | Reached ***** piety under Lugonu
  9148 | D:8      | Found a glowing silver altar of Zin.
  9378 | D:9      | Noticed a two-headed ogre
  9401 | D:9      | Killed a two-headed ogre
  9401 | D:9      | Reached skill level 8 in Axes
  9529 | D:9      | Found a basalt altar of Yredelemnul.
  9545 | D:9      | Reached skill level 5 in Dodging
  9548 | D:9      | Reached skill level 1 in Evocations
  9679 | D:9      | Found the +3 sling "Punk" {acid, rCorr}
  9764 | D:9      | Got a scorched amber ring
  9774 | D:9      | Identified the ring of Tenaic {rF+ MR+} (You found it on
                  | level 9 of the Dungeon)
  9869 | D:9      | Found a staircase to the Orcish Mines.
  9875 | D:9      | Found a roughly hewn altar of Beogh.
 10127 | D:9      | Noticed a +0 hand axe
 10127 | D:9      | Noticed a +0 dagger
 10129 | D:9      | Found a hide-covered altar of Uskayaw.
 10180 | D:9      | Reached XP level 11. HP: 58/89 MP: 16/16
 10196 | D:9      | Noticed a three-headed hydra
 10202 | D:9      | Killed a one-headed hydra
 10321 | D:9      | Reached skill level 9 in Axes
 10341 | D:9      | Found a shimmering blue altar of Sif Muna.
 10693 | D:10     | Entered Level 10 of the Dungeon
 10710 | D:10     | Found Homourr's Gadget Boutique.
 10770 | D:10     | Noticed a two-headed ogre
 10774 | D:10     | Killed a two-headed ogre
 11849 | D:11     | Found Fyxuu's General Store.
 11882 | D:11     | Bought a potion of curing for 36 gold pieces
 12010 | D:11     | Found a staircase to the Lair.
 12796 | Lair:1   | Entered Level 1 of the Lair of Beasts
 12839 | Lair:1   | Reached ****** piety under Lugonu
 13732 | Lair:2   | Reached skill level 10 in Axes
 14037 | Lair:2   | Noticed an oklob plant
 14037 | Lair:2   | Noticed an oklob plant
 14116 | Lair:2   | You fall into a shaft and drop 1 floor!
 14989 | Lair:3   | Noticed a six-headed hydra
 15006 | Lair:3   | Killed a one-headed hydra
 15006 | Lair:3   | Reached XP level 12. HP: 71/100 MP: 18/18
 15231 | Lair:3   | Found a hole to the Spider Nest.
 15389 | Lair:3   | Reached skill level 1 in Shields
 15626 | Lair:3   | Noticed a four-headed hydra
 15640 | Lair:3   | Killed a one-headed hydra
 15691 | Lair:3   | Found a runed translucent gate.
 15691 | Lair:3   | Found a runed translucent gate.
 15691 | Lair:3   | Found a runed translucent gate.
 15692 | Lair:3   | Noticed lis82's ghost (journeyman DgAE)
 16035 | Lair:4   | Noticed a seven-headed hydra
 16053 | Lair:4   | Killed a one-headed hydra
 16231 | Lair:4   | Noticed Nergalle
 16241 | Lair:4   | Killed Nergalle
 16759 | Lair:4   | Found a staircase to the Shoals.
 17214 | Lair:5   | Noticed a four-headed hydra
 17228 | Lair:4   | Killed a one-headed hydra
 17228 | Lair:4   | Reached skill level 11 in Axes
 17323 | Lair:4   | HP: 5/101 [poisoned by a spiny frog]
 17328 | Lair:4   | HP: 4/101 [poisoned by a spiny frog]
 17333 | Lair:4   | HP: 4/101 [poisoned by a spiny frog]
 17340 | Lair:4   | HP: 5/101 [poisoned by a spiny frog]
 17921 | Lair:6   | Entered Level 6 of the Lair of Beasts
 18265 | Lair:6   | Reached skill level 10 in Invocations
 18373 | Lair:6   | Reached XP level 13. HP: 48/107 MP: 20/20
 18645 | Lair:6   | Found a staircase to the Slime Pits.
 18910 | Lair:4   | Mangled by an eight-headed hydra

Illustrated notes

Levels and vault maps discovered:
D:1:      giann_horns, layout_basic
D:2:      cheibrodos_old_hovel, layout_loops_ring, uniq_natasha
D:3:      layout_loops_corners, old_standard_altar, minmay_liquid_box,
          minmay_fractal_squares_diagonal_5, uniq_jessica
D:4:      minmay_recursive_quarters, layout_basic, minmay_temple_entry_hall,
          first_ration, serial_glass, glass_columns_b, glass_columns_b,
          minmay_crystal_room, fedhas_altar_2, uniq_robin
D:5:      layout_layer_cave, uniq_pikel
D:6:      layout_rooms, old_standard_altar, serial_park_tiny_pond,
          minmay_hedge_maze, tgw_kikubaaqudgha, uniq_sigmund
D:7:      layout_loops_corners, xom_butterflies, kennysheep_generic_room_10
D:8:      layout_gridville, nicolae_overflow_crystal_walls,
          lemuel_coloured_pillars_altar, serial_shops, nicolae_shop_stone
D:9:      minmay_weird_star, layout_basic, lemuel_doored_altar,
          overflow_temple_1_default, dancing_weapons_uskayaw,
          minmay_orc_entry_temple_small, hangedman_ranch
          [blue_anna_fruit_fields], hangedman_abyss_or_decor_stagger
D:10:     layout_grid_maze, serial_shops, shop_fountains
D:11:     layout_stronghold, due_lair_maze_entry_diamond, serial_shops, shop
Lair:1:   layout_chaotic_city, wad_woods_river_03, grunt_megastairs_2,
          infiniplex_staircase_pool_2
Lair:2:   layout_roguey, minmay_lair_oklob_chamber, serial_bayou_shore_a,
          lemuel_fruit_fields, grunt_megastairs_5
Lair:3:   layout_regular_city, spider_nest_entry_webs,
          gammafunk_ghost_necromancy, enter_volcano_2, roderic_carrion_pond
Lair:4:   layout_big_grid, minmay_shoals_entry_lonely_mermaid,
          grunt_megastairs_4, lemuel_fruit_tree, uniq_nergalle
Lair:5:   layout_hall_layers
Lair:6:   gammafunk_lair_ancient_temple, layout_regular_city,
          dpeg_slime_entry_corner, grunt_megastairs_1

Skill      XL: |  1  2  3  4  5  6  7  8  9 10 11 12 13 |
---------------+----------------------------------------+-----
Axes           | 2 3 4 5 7 8 10 11 | 11.4
Dodging        | 1 2 3 4 5 6 |  6.9
Armour         | 2 3 4 6 7 8 |  8.4
Invocations    | 3 4 5 6 7 8 10 | 10.1
Fighting       | 4 5 6 7 8 |  8.2
Throwing       | 1 2 3 |  3.1
Evocations     | 1 |  1.0
Shields        | 2 |  2.9

Action                   |  1- 3 |  4- 6 |  7- 9 | 10-12 | 13-15 || total
-------------------------+-------+-------+-------+-------+-------++-------
Melee: Hand axe          |   113 |   152 |    34 |    41 |       ||   340
       Kick              |    16 |    28 |    76 |   180 |    10 ||   310
       War axe           |       |       |   291 |   733 |    40 ||  1064
Throw: Boomerang         |     3 |       |       |       |       ||     3
       Javelin           |       |     6 |    25 |    10 |     2 ||    43
Invok: Depart the Abyss  |     1 |       |       |       |       ||     1
       Banish            |       |       |     2 |     2 |     1 ||     5
       Bend Space        |       |       |       |       |     1 ||     1
Evoke: Wand              |       |     3 |     1 |     2 |       ||     6
  Use: Scroll            |       |    11 |    13 |     8 |       ||    32
       Potion            |       |       |     3 |     3 |       ||     6
  Eat: Chunk             |     3 |     6 |    16 |    27 |     2 ||    54
       Ration            |       |       |     1 |       |       ||     1
Armor: Ring mail         |    66 |    88 |    54 |   482 |    30 ||   720
       Chain mail        |       |       |   239 |       |       ||   239
Dodge: Dodged            |    55 |    69 |   149 |   393 |    27 ||   693
Block: Kite shield       |       |       |       |   138 |    35 ||   173

Table legend:
 A = Non-vault XP
 B = Vault XP
 C = Vault XP percentage of total XP
 D = Non-vault monster count
 E = Vault monster count
 F = Vault count percentage of total count
                 A         B        C        D         E       F
            +---------+---------+-------+---------+---------+-------
      Total |   31292 |   10815 |  25.7 |     348 |      76 |  17.9
            +---------+---------+-------+---------+---------+-------
        D:1 |      48 |       0 |   0.0 |      20 |       0 |   0.0
        D:2 |     181 |      36 |  16.6 |      26 |       2 |   7.1
        D:3 |     202 |     325 |  61.7 |      30 |       9 |  23.1
        D:4 |     649 |      40 |   5.8 |      22 |      13 |  37.1
        D:5 |     432 |     629 |  59.3 |      15 |       1 |   6.2
        D:6 |     937 |     197 |  17.4 |      15 |       1 |   6.2
        D:7 |    1583 |      11 |   0.7 |      33 |       1 |   2.9
        D:8 |    2233 |     137 |   5.8 |      40 |       1 |   2.4
        D:9 |    2520 |    2464 |  49.4 |      29 |      17 |  37.0
       D:10 |    1527 |       0 |   0.0 |      13 |       0 |   0.0
       D:11 |     929 |     947 |  50.5 |      24 |       8 |  25.0
     Lair:1 |    1520 |    1039 |  40.6 |      10 |       5 |  33.3
     Lair:2 |    1078 |     246 |  18.6 |       9 |       2 |  18.2
     Lair:3 |    5026 |    1155 |  18.7 |      17 |       7 |  29.2
     Lair:4 |    5986 |    1426 |  19.2 |      17 |       3 |  15.0
     Lair:5 |     719 |     157 |  17.9 |       4 |       1 |  20.0
     Lair:6 |    5722 |    2006 |  26.0 |      24 |       5 |  17.2
            +---------+---------+-------+---------+---------+-------
